 Dungeon Crawl Stone Soup version 0.23-a0-208-gb6b040f (webtiles) character file.

21 MisterFreud the Sneak (level 2, 0/22 HPs)
             Began as a Naga Fire Elementalist on Sept 25, 2018.
             Slain by a bat (1 damage)
             ... on level 1 of the Dungeon.
             The game lasted 00:01:21 (180 turns).

MisterFreud the Sneak (Naga Fire Elementalist)       Turns: 180, Time: 00:01:21

Health: 0/22       AC:  2    Str: 10    XL:     2   Next: 83%
Magic:  0/5        EV: 10    Int: 15    God:
Gold:   9          SH:  0    Dex: 11    Spells: 4/5 levels left

rFire    . . .     SeeInvis +   d - +0 dagger
rCold    . . .     Gourm    .   (no shield)
rNeg     . . .     Faith    .   a - +1 robe
rPois    +         Spirit   .   (no helmet)
rElec    .         Reflect  .   (no cloak)
rCorr    .         Harm     .   (no gloves)
MR       .....                  (no barding)
Stlth    ++........             (no amulet)
HPRegen  0.07/turn              (no ring)
MPRegen  0.09/turn              (no ring)

@: very slow
A: large, see invisible, deformed body, poison resistance, slowness 2, slow
metabolism 1, spit poison 1, AC +0
a: Spit Poison


You were on level 1 of the Dungeon.
You were not hungry.

You visited 1 branch of the dungeon, and saw 1 of its levels.

You collected 9 gold pieces.

Inventory:

Hand Weapons
 d - a +0 dagger (weapon)
Missiles
 e - 3 stones (quivered)
Armour
 a - a +1 robe (worn)
Comestibles
 c - 2 rations
 f - 2 chunks of flesh


   Skills:
 - Level 1.5 Dodging
 - Level 3.0 Stealth
 - Level 2.0 Spellcasting
 + Level 2.7 Conjurations
 - Level 3.0 Fire Magic


You had 4 spell levels left.
You knew the following spells:

 Your Spells              Type           Power        Failure   Level  Hunger
a - Flame Tongue          Conj/Fire      ##...        7%          1    #......

Your spell library contained the following spells:

 Spells                   Type           Power        Failure   Level  Hunger
 Throw Flame              Conj/Fire      ##....       11%         2    ###....
 Conjure Flame            Conj/Fire      ##......     21%         3    ###....
 Inner Flame              Hex/Fire       #.......     34%         3    ###....
 Sticky Flame             Conj/Fire      ##......     56%         4    #####..
 Fireball                 Conj/Fire      ##........   88%         5    ######.


Dungeon Overview and Level Annotations

Branches:
Dungeon (1/15)

Altars:


Innate Abilities, Weirdness & Mutations

You cannot wear boots.
Your serpentine skin is tough. (AC +0)
You have supernaturally acute eyesight. (SInv)
Armour fits poorly on your strangely shaped body.
Your system is resistant to poisons. (rPois)
You cover ground very slowly.
You have a slow metabolism.
You can spit poison.


Message History

Press: ? - help, Shift-Dir - straight line, f - leopard gecko
Aim: a leopard gecko The flame tongue hits the leopard gecko.
The leopard gecko is severely wounded.
The bat hits you.
* * * LOW HITPOINT WARNING * * *
The leopard gecko barely misses you.
Casting: Flame Tongue (safe; 7% risk of failure)
Confirm with . or Enter, or press ? or * to list all spells.
Aiming: Flame Tongue (safe; 7% risk of failure)
Press: ? - help, Shift-Dir - straight line, f/p - leopard gecko
Aim: a leopard gecko (severely wounded)
The flame tongue hits the leopard gecko.
You kill the leopard gecko!
The bat closely misses you.
You aren't carrying any potions.
As you read the scroll labeled XYSOKU NECKYWA, it crumbles to dust.
It is a scroll of enchant armour.
Your +0 robe glows green for a moment.
The bat hits you.
You die...

.#.# .#.# ...
######.##
#........
#...l.####..
#...†....... #
#@b...#
#.#.))..#
#.#####.#
#.......#
#.......#
#.......#
##.....########
#.........>...
..
######.....##
#.


You could see a bat and a frilled lizard.

Vanquished Creatures
  A gnoll (D:1)
  2 leopard geckos (D:1)
  A goblin (D:1)
  A hobgoblin (D:1)
  2 kobolds (D:1)
  2 rats (D:1)
9 creatures vanquished.

Notes
Turn   | Place    | Note
-------+----------+-------------------------------------------
     0 | D:1      | MisterFreud the Naga Fire Elementalist began the quest for
                  | the Orb.
     0 | D:1      | Reached XP level 1. HP: 15/15 MP: 3/3
    95 | D:1      | Reached XP level 2. HP: 17/22 MP: 0/5
   178 | D:1      | HP: 1/22 [bat (1)]
   180 | D:1      | Slain by a bat

Vault maps used:
D:1:      nicolae_arrival_somewhat_less_tricky_arrival, serial_glass,
          glass_columns_b, glass_columns_a, serial_bayou_lagoon_b

Skill      XL: |  1 |
---------------+----+-----
Conjurations   | 2 |  2.7
Dodging        | |  1.5
Stealth        | |  3.0
Spellcasting   | |  2.0
Fire Magic     | |  3.0

Action                   || total
-------------------------++-------
Melee: Dagger            ||     7
       Unarmed           ||     4
 Cast: Flame Tongue      ||     9
 Abil: Spit Poison       ||     3
  Use: Scroll            ||     1
Armor: Robe              ||     4
Dodge: Dodged            ||    20

Table legend:
 A = Non-vault XP
 B = Vault XP
 C = Vault XP percentage of total XP
 D = Non-vault monster count
 E = Vault monster count
 F = Vault count percentage of total count
                 A         B        C        D         E       F
            +---------+---------+-------+---------+---------+-------
      Total |      30 |       0 |   0.0 |       9 |       0 |   0.0
            +---------+---------+-------+---------+---------+-------
        D:1 |      30 |       0 |   0.0 |       9 |       0 |   0.0
            +---------+---------+-------+---------+---------+-------
